 Dungeon Crawl Stone Soup version 0.29.1-4-g47bece8355 (webtiles) character file.

Game seed: 8945209836320077257

90 GigaChad the Slasher (level 4, 0/41 HPs)
             Began as a Minotaur Berserker on Dec 9, 2022.
             Was a Believer of Trog.
             Killed by divine providence
             ... invoked by an orc priest
              (12 damage)
             ... on level 3 of the Dungeon.
             The game lasted 00:03:18 (2106 turns).

GigaChad the Slasher (Minotaur Berserker)           Turns: 2106, Time: 00:03:19

Health: 0/41       AC: 12    Str: 24    XL:     4   Next: 32%
Magic:  3/3        EV:  7    Int:  4    God:    Trog [**....]
Gold:   114        SH:  0    Dex:  9    Spells: 3/3 levels left

rFire   . . .      SeeInvis .   a - +0 falchion
rCold   . . .      Faith    .   (no shield)
rNeg    . . .      Spirit   .   d - +0 plate armour
rPois   .          Reflect  .   (helmet restricted)
rElec   .          Harm     .   e - +0 cloak
rCorr   .          Rampage  .   (no gloves)
Will    .....                   (no boots)
Stlth   ..........              m - amulet of regeneration
HPRegen 0.93/turn               (no ring)
MPRegen 0.08/turn               (no ring)

@: no status effects
A: horns 2, retaliatory headbutt
a: Renounce Religion, Berserk, Trog's Hand


You were on level 3 of the Dungeon.
You worshipped Trog.
Trog was pleased with you.
You visited 1 branch of the dungeon, and saw 3 of its levels.

You collected 114 gold pieces.

Inventory:

Hand Weapons
 a - a +0 falchion (weapon)
Armour
 b - a +0 animal skin
 d - a +0 plate armour (worn)
 e - a +0 cloak (worn)
Jewellery
 m - an amulet of regeneration (around neck)
Scrolls
 c - 3 scrolls of teleportation {unknown}
 h - a scroll of summoning {unknown}
 i - a scroll of identify {unknown}
 l - 2 scrolls of noise {unknown}
Potions
 f - 3 potions of curing {unknown}
 g - 2 potions of heal wounds {unknown}
 j - 3 potions of haste {unknown}
 k - a potion of ambrosia {unknown}
 n - a potion of resistance {unknown}
 o - a potion of might {unknown}


   Skills:
 + Level 4.6 Fighting
 + Level 4.9 Long Blades
 + Level 3.1 Armour
 + Level 2.5 Dodging


You had 3 spell levels left.
You didn't know any spells.
Your spell library was empty.

Dungeon Overview and Level Annotations

Branches:
Dungeon (3/15)

Altars:


Innate Abilities, Weirdness & Mutations

You have a pair of horns on your head.
You reflexively headbutt those who attack you in melee.


Message History

The goblin attacks as you move away! The goblin hits you but does no damage.
There is a stone staircase leading up here.
You hit the orc.
The orc is moderately wounded.
The orc hits you but does no damage.
The howler monkey hoots and howls with incredible vigour!
You hit the orc but do no damage.
The orc is moderately wounded.
The orc closely misses you.
You hit the orc.
You kill the orc!
Trog accepts your kill.
You slash the orc!
You kill the orc!
Trog accepts your kill.
The orc priest hits you with a +0 war axe.
You hit the orc priest but do no damage.
The orc priest calls down the wrath of Beogh upon you.
Pain shoots through your body!
You hit the orc priest but do no damage.
The orc priest hits you with a +0 war axe.
You hit the orc priest but do no damage.
Your headbutt misses the orc priest.
The orc priest hits you with a +0 war axe.
You hit the orc priest but do no damage.
The orc priest hits you with a +0 war axe.
You hit the orc priest but do no damage.
The orc priest hits you but does no damage.
You barely miss the orc priest.
The orc priest mumbles some strange prayers to Beogh against you.
Beogh smites you!
You hit the orc priest but do no damage.
You headbutt the orc priest, but do no damage.
The orc priest hits you with a +0 war axe.
* * * LOW HITPOINT WARNING * * *
You barely miss the orc priest. The orc priest barely misses you.
You hit the orc priest but do no damage.
The orc priest mumbles some strange prayers to Beogh against you.
Beogh smites you!
You die...

###.# ### ..... ...
.....##.# ..o#..#.# #
#.....#.####.##.
#.#.............
#.....hgo.....#
###.###o####....
###.###@####.##.
..............#
###.#.##.####.# #.##.#
#.# .. #.##.# #.# #.
#.##.# #.# #.
.#.#####.##.# #.# #.
............####.#####
#.
........[............#


You could see a howler monkey, an orc priest, an orc and a goblin.

Vanquished Creatures
  3 adders (D:3)
  2 dart slugs (D:3)
  2 orcs (D:3)
  5 bats
  8 endoplasms
  4 giant cockroaches
  6 goblins
  7 hobgoblins
  2 jackals (D:1)
  A quokka (D:1)
  4 ball pythons
  3 frilled lizards
  3 kobolds
  2 rats
52 creatures vanquished.

Notes
Turn   | Place    | Note
-------+----------+-------------------------------------------
     0 | D:1      | GigaChad the Minotaur Berserker began the quest for the
                  | Orb.
     0 | D:1      | Reached XP level 1. HP: 19/19 MP: 0/0
   217 | D:1      | Reached XP level 2. HP: 23/27 MP: 1/1
   881 | D:1      | Reached ** piety under Trog
  1018 | D:1      | Reached XP level 3. HP: 33/33 MP: 2/2
  1522 | D:2      | Found a faded altar of an unknown god.
  1600 | D:2      | Identified the +0 leather armour of Quiet Fog {Int+2}
  1992 | D:3      | Reached XP level 4. HP: 41/41 MP: 3/3
  2106 | D:3      | Killed from afar by an orc priest

Illustrated notes

Levels and vault maps discovered:
D:1:      lightli_arrival_statue_moat, layout_basic, minmay_hedge_maze,
          chequers_mini_garden, minmay_misc_feat_five, serial_bayou_crossing
D:2:      layout_rooms, basic_ecumenical_altar, minmay_unequal
D:3:      layout_loops_ring

Skill      XL: |  1  2  3 |
---------------+----------+-----
Fighting       | 4 |  4.6
Long Blades    | 4 |  4.9
Armour         | 3 |  3.1
Dodging        | |  2.5

Action                   |  1- 3 |  4- 6 || total
-------------------------+-------+-------++-------
Melee: Falchion          |   102 |    31 ||   133
       Headbutt          |    14 |     2 ||    16
Armor: Animal skin       |     2 |       ||     2
       Plate armour      |   110 |    21 ||   131
Dodge: Dodged            |    56 |     8 ||    64
